 Dungeon Crawl Stone Soup version 0.30-a0-371-gad7725a93e (webtiles) character file.

Game seed: 1456280199997968400

164789 NinjaNoafa the Myrmidon (level 17, -5/145 HPs)
             Began as an Armataur Fighter on Nov 22, 2022.
             Was an Elder of Okawaru.
             Slain by a seven-headed hydra (6 damage)
             ... on level 3 of the Lair of Beasts.
             The game lasted 00:29:20 (12969 turns).

NinjaNoafa the Myrmidon (Armataur Fighter)         Turns: 12969, Time: 00:29:20

Health: -5/145     AC: 12    Str: 25    XL:     17   Next: 26%
Magic:  16/16      EV: 12    Int:  9    God:    Okawaru [****..]
Gold:   1470       SH: 11    Dex: 14    Spells: 22/22 levels left

rFire   + + +      SeeInvis .    G - +9 war axe "Ongaarr" {distort, rElec rF+ MP-9}
rCold   + + .      Faith    +    E - +0 kite shield
rNeg    . . .      Spirit   .    w - +2 leather armour "Guwofasm" {-Cast rF+ rC+}
rPois   .          Reflect  .    g - +0 helmet
rElec   +          Harm     .    W - scarf {rC+ rF+}
rCorr   .          Roll     +    b - +2 pair of gloves
Will    ++...      NoCast   +    (no barding)
Stlth   +.........               O - amulet of faith
HPRegen 0.44/turn                j - +4 ring of evasion
MPRegen 0.15/turn                v - ring of willpower

@: about to teleport
A: large, rugged brown scales 3, deformed body, armoured tail, roll, long
tongue, awkward tongue
a: Renounce Religion, Heroism, Finesse


You were on level 3 of the Lair of Beasts.
You worshipped Okawaru.
Okawaru was greatly pleased with you.
You visited 3 branches of the dungeon, and saw 15 of its levels.
You also visited: Bailey.

You collected 1792 gold pieces.
You spent 322 gold pieces at shops.

Inventory:

Hand Weapons
 G - the +9 war axe "Ongaarr" (weapon) {distort, rElec rF+ MP-9}
   (You took it off an orc wizard on level 5 of the Dungeon)

   It warps and distorts space around it, and may blink, banish, or inflict
   extra damage upon those it strikes.
   Unwielding it can cause banishment or high damage.
   rF:        It protects you from fire.
   rElec:     It insulates you from electricity.
   MP:        It affects your magic capacity (-9).
Missiles
 i - 5 javelins (quivered)
 m - 119 stones
 p - 12 poisoned darts
 x - 9 boomerangs
 Q - 2 boomerangs of dispersal
 R - 2 atropa-tipped darts
 T - a curare-tipped dart
Armour
 b - a +2 pair of gloves (worn)
 g - a +0 helmet (worn)
 w - the +2 leather armour "Guwofasm" (worn) {-Cast rF+ rC+}
   (You found it on level 2 of the Dungeon)

   rF:        It protects you from fire.
   rC:        It protects you from cold.
   -Cast:     It prevents spellcasting.
 E - a +0 kite shield (worn)
 W - a scarf of resistance (worn)
Jewellery
 j - a +4 ring of evasion (left hand)
 v - a ring of willpower (right hand)
 O - an amulet of faith (around neck)
 S - a ring of see invisible
Wands
 y - a wand of mindburst (22)
 I - a wand of flame (21)
Scrolls
 a - 2 scrolls of magic mapping
 k - 2 scrolls of vulnerability
 t - 3 scrolls of enchant weapon
 z - 6 scrolls of teleportation
 A - 3 scrolls of poison
 B - 2 scrolls of noise
 D - 3 scrolls of amnesia
 H - 2 scrolls of blinking
 K - 2 scrolls of silence
 L - a scroll of brand weapon
Potions
 d - 4 potions of might
 e - 3 potions of heal wounds {unknown}
 f - a potion of flight {unknown}
 h - 8 potions of curing
 l - 5 potions of attraction
 n - 3 potions of haste {unknown}
 q - 2 potions of resistance
 r - 4 potions of cancellation
 s - 2 potions of ambrosia
 u - 2 potions of berserk rage {unknown}
 C - 4 potions of mutation
 F - 3 potions of degeneration {unknown}
 J - 3 potions of lignification {unknown}
 M - 2 potions of invisibility {unknown}
 N - a potion of magic {unknown}
 P - a potion of brilliance {unknown}


   Skills:
 + Level 8.7 Fighting
 + Level 8.4(9.5) Axes
 - Level 7.5(9.6) Maces & Flails
 + Level 10.0 Throwing
 - Level 10.0 Armour
 - Level 10.0 Shields
 - Level 3.0 Spellcasting
 + Level 11.3 Invocations
 - Level 8.0 Evocations


You had 22 spell levels left.
You didn't know any spells.
Your spell library contained the following spells:

 Spells                   Type           Power      Damage    Failure   Level
 Foxfire                  Conj/Fire      4%         2x1d4     52%         1
 Cigotuvi's Dreadful Rot  Necr/Pois/Air  2%         N/A       67%         2
 Poisonous Vapours        Pois/Air       2%         N/A       67%         2
 Gell's Gravitas          Tloc           1%         N/A       88%         3
 Inner Flame              Hex/Fire       1%         N/A       88%         3
 Mephitic Cloud           Conj/Pois/Air  1%         N/A       88%         3
 Teleport Other           Tloc           1%         N/A       88%         3
 Vhi's Electric Charge    Tloc/Air       2%         N/A       88%         3
 Cause Fear               Hex            0%         N/A       99%         4
 Dispel Undead            Necr           1%         3d6       99%         4
 Flame Wave               Conj/Fire      1%         2d4       99%         4
 Passage of Golubria      Tloc           1%         N/A       99%         4
 Sticky Flame             Conj/Fire      1%         2d3       99%         4
 Arcjolt                  Conj/Air       0%         1d10      100%        5
 Fireball                 Conj/Fire      0%         3d3       100%        5
 Yara's Violent Unravell  Hex/Tmut       0%         3d3       100%        5
 Dispersal                Tloc           0%         N/A       100%        6
 Starburst                Conj/Fire      0%         6d3       100%        6
 Discord                  Hex            0%         N/A       100%        8
 Maxwell's Capacitive Co  Air            0%         ∞         100%        8
 Tukima's Dance           Hex            Unusable   N/A       N/A         3
 Death Channel            Necr           Unusable   N/A       N/A         6

Dungeon Overview and Level Annotations

Branches:
Dungeon (11/15)            Temple (1/1) D:7            Lair (3/5) D:10
 Shoals (0/4) Lair:3       Spider (0/4) Lair:3       Bailey (visited)
    Orc: D:9-12

Altars:
Ashenzari
Cheibriados
Dithmenos
Elyvilon
Fedhas
Gozag
Hepliaklqana
Kikubaaqudgha
Makhleb
Nemelex Xobeh
Okawaru
Qazlal
Ru
Sif Muna
Trog
Uskayaw
Vehumet
Wu Jian
Xom
Yredelemnul
Zin
The Shining One

Shops:
D:3 ?

Annotations:
Lair:3 exclusion: oklob plant
Abyss:1 hehateme's ghost, novice GnFi


Innate Abilities, Weirdness & Mutations

You are completely covered in rugged brown scales. (AC +3, +7% HP)
Armour fits poorly on your strangely shaped body.
You have a long armoured tail.
You roll when moving toward enemies. (Rampage)
Your long tongue fully drains potion bottles. (2x potion effects)
Your tongue gives you trouble enunciating. (1.5x scroll delay)


Message History

You slash the yak!
Space warps around the yak.
You closely miss the cane toad. The cane toad barely misses you.
The yak closely misses you. You block the cane toad's attack.
Unknown command.
As you slowly read the scroll labelled PESETTI SUKLA, it crumbles to dust.
It is a scroll of amnesia.
You feel forgetful for a moment. The cane toad closely misses you.
You block the yak's attack. The yak gores you but does no damage.
The yak closely misses you.
As you slowly read the scroll labelled VUR RIJ ZUDUSS, it crumbles to dust.
Your body is wracked with pain!
The yak convulses! x3
The cane toad convulses!
The yak convulses!
The basilisk convulses!
The yak convulses!
It was a scroll of torment.
The cane toad stings you.
* * * LOW HITPOINT WARNING * * *
The yak gores you.
* * * LOW HITPOINT WARNING * * *
The yak gores you but does no damage. The yak gores you.
* * * LOW HITPOINT WARNING * * *
The cane toad stings you!
* * * LOW HITPOINT WARNING * * *
The yak barely misses you. The yak misses you. You block the yak's attack.
A yak comes into view.
Okay, then.
As you slowly read the scroll of fear, it crumbles to dust.
You assume a fearsome visage.
The seven-headed hydra easily resists.
The yak looks frightened! x7; The basilisk looks frightened!
The cane toad looks frightened!
A yak comes into view.
The yak moves out of view.
As you slowly read the scroll of teleportation, it crumbles to dust.
You feel strangely unstable. The seven-headed hydra bites you!
* * * LOW HITPOINT WARNING * * *
You block the seven-headed hydra's attack. x2
The seven-headed hydra bites you!
* * * LOW HITPOINT WARNING * * *
The seven-headed hydra bites you but does no damage.
The seven-headed hydra bites you.
* * * LOW HITPOINT WARNING * * *
The seven-headed hydra bites you.
You die...

P... ##>..P .. . #...##.)..##..
..##..$......$P..
..P..(.Y...............
...YYY...........^.....
..Y.........#(.....(.^
..........Y......†.†.##^..F...
.............Y.D@.†..##^^..^##
..#...................#^^^^^^####
.#..................†..#^>^^###..
.#..............l...†...^^^##^...
#...........F.......#^^...##^...#
....................#^^..........
#.#.................##^^.^....^..
...#.#######.....#.#.#^##...^....
...### #....## ..##.........


You could see a seven-headed hydra, 7 yaks, a cane toad (fleeing) and a basilisk
(fleeing).

Vanquished Creatures
  A two-headed ogre (D:11)
  A boulder beetle (Lair:1)
  3 death yaks (Lair:1)
  A moth of wrath (D:8)
  A manticore (D:11)
  A black mamba (Lair:2)
  An elephant (D:10)
  3 cane toads
  4 komodo dragons
  Prince Ribbit (D:8)
  A polar bear (Lair:3)
  5 dream sheep (Lair:3)
  Sigmund (D:3)
  4 wyverns
  24 yaks
  A wraith (D:10)
  2 steam dragons
  2 redbacks (Lair:3)
  Duvessa (D:5)
  5 water moccasins
  2 acid dragons (D:9)
  4 black bears
  3 orc warriors
  An ice beast (D:6)
  2 ogres (D:5)
  10 wolves
  11 centaurs
  A kobold brigand (D:9)
  8 bullfrogs
  A necrophage (D:5)
  A scorpion (D:5)
  Dowan (D:5)
  5 wights (D:8)
  9 killer bees
  A howler monkey (D:6)
  A jelly (D:5)
  3 hounds
  2 orc priests
  7 iguanas
  8 orc wizards
  Robin (D:3)
  19 gnolls
  7 adders
  2 white imps
  4 worms
  A dart slug (D:4)
  53 orcs
  5 ball pythons
  7 endoplasms
  5 giant cockroaches
  19 goblins
  10 hobgoblins
  2 jackals (D:2)
  4 quokkas
  7 bats
  3 frilled lizards
  11 kobolds
  6 rats
310 creatures vanquished.

Vanquished Creatures (others)
  A fungus (Lair:1)
  8 plants
9 creatures vanquished.

Grand Total: 319 creatures vanquished

Notes
Turn   | Place    | Note
-------+----------+-------------------------------------------
     0 | D:1      | NinjaNoafa the Armataur Fighter began the quest for the
                  | Orb.
     0 | D:1      | Reached XP level 1. HP: 19/19 MP: 1/1
   213 | D:1      | Reached XP level 2. HP: 26/26 MP: 2/2
   884 | D:2      | Reached XP level 3. HP: 33/33 MP: 3/3
  1140 | D:2      | Identified the +2 leather armour "Guwofasm" {-Cast rF+ rC+}
  1274 | D:2      | Reached XP level 4. HP: 40/40 MP: 4/4
  1594 | D:3      | Noticed Robin
  1607 | D:3      | Noticed Sigmund
  1625 | D:3      | Killed Sigmund
  1626 | D:3      | Reached XP level 5. HP: 33/49 MP: 5/5
  1665 | D:3      | Killed Robin
  1670 | D:3      | Reached XP level 6. HP: 38/55 MP: 6/6
  1779 | D:3      | Found Cagoah's Magic Scroll Boutique.
  1817 | D:3      | Bought a scroll of enchant weapon for 105 gold pieces
  1817 | D:3      | Bought a scroll of identify for 28 gold pieces
  2289 | D:4      | Reached skill level 5 in Maces & Flails
  2407 | D:3      | Bought a scroll of noise for 14 gold pieces
  2618 | D:4      | Reached XP level 7. HP: 63/63 MP: 7/7
  3172 | D:5      | Entered Level 5 of the Dungeon
  3467 | D:5      | Found an opulent altar of Gozag.
  3574 | D:5      | Identified the +9 war axe "Ongaarr" {distort, rElec rF+
                  | MP-9}
  3735 | D:5      | Noticed Duvessa
  3736 | D:5      | Reached XP level 8. HP: 70/70 MP: 0/8
  3738 | D:5      | Reached skill level 1 in Axes
  3738 | D:5      | Reached skill level 1 in Throwing
  3738 | D:5      | Reached skill level 1 in Evocations
  3742 | D:5      | Killed Duvessa
  3745 | D:5      | Noticed Dowan
  3753 | D:5      | Killed Dowan
  4485 | D:6      | Reached XP level 9. HP: 48/75 MP: 0/9
  5019 | D:7      | Found a flagged portal.
  5050 | Bailey   | Entered a bailey
  5749 | D:7      | Reached skill level 5 in Evocations
  6045 | D:7      | Found a staircase to the Ecumenical Temple.
  6125 | Temple   | Entered the Ecumenical Temple
  6439 | Temple   | Became a worshipper of Warmaster Okawaru
  6863 | D:3      | Bought a scroll of teleportation for 42 gold pieces
  6863 | D:3      | Bought a scroll of silence for 133 gold pieces
  7195 | D:8      | Noticed Prince Ribbit
  7207 | D:8      | Killed Prince Ribbit
  7208 | D:8      | Reached skill level 5 in Throwing
  7338 | D:8      | Found a transporter.
  7568 | D:8      | Reached skill level 5 in Axes
  7735 | D:8      | Reached * piety under Okawaru
  7766 | D:8      | Found a burning altar of Makhleb.
  8117 | D:8      | Found a transporter.
  8117 | D:8      | Noticed a moth of wrath
  8118 | D:8      | Noticed hehateme's ghost (novice GnFi)
  8371 | D:8      | Found a bloodstained altar of Trog.
  8944 | D:9      | Reached XP level 10. HP: 83/83 MP: 1/10
  9037 | D:9      | Reached skill level 1 in Spellcasting
  9280 | D:10     | Entered Level 10 of the Dungeon
  9328 | D:10     | Identified a scroll of acquirement
  9341 | D:10     | Reached skill level 1 in Invocations
  9343 | D:10     | Reached ** piety under Okawaru
  9344 | D:10     | Reached skill level 2 in Invocations
  9350 | D:10     | Reached skill level 3 in Invocations
  9411 | D:10     | Reached skill level 4 in Invocations
  9416 | D:10     | Found a staircase to the Lair.
  9418 | D:10     | Noticed an elephant
  9429 | D:10     | Acquired 1029 gold pieces
  9437 | D:10     | Killed an elephant
  9438 | D:10     | Reached skill level 5 in Invocations
  9625 | D:10     | Reached skill level 6 in Invocations
  9632 | D:10     | Reached *** piety under Okawaru
  9638 | D:10     | Reached skill level 7 in Invocations
  9690 | D:10     | Found a broken altar of Ashenzari.
 10031 | D:10     | Reached skill level 9 in Invocations
 10031 | D:10     | Reached XP level 11. HP: 95/95 MP: 6/18
 10031 | D:10     | Reached XP level 12. HP: 102/102 MP: 6/19
 10080 | D:11     | Noticed a two-headed ogre
 10105 | Lair:1   | Entered Level 1 of the Lair of Beasts
 10145 | Lair:1   | Reached XP level 13. HP: 109/110 MP: 11/20
 10252 | Lair:1   | Reached skill level 10 in Invocations
 10252 | Lair:1   | Reached XP level 14. HP: 120/120 MP: 12/21
 10252 | Lair:1   | Reached XP level 15. HP: 126/126 MP: 13/22
 10253 | Lair:1   | Reached XP level 16. HP: 136/136 MP: 13/24
 10253 | Lair:1   | Reached XP level 17. HP: 143/143 MP: 13/25
 10321 | Lair:1   | Found a transporter.
 10323 | Lair:1   | Found a transporter.
 10663 | Lair:1   | Reached skill level 10 in Armour
 10830 | Lair:1   | Reached **** piety under Okawaru
 10840 | Lair:1   | Received a gift from Okawaru
 10841 | Lair:1   | Reached skill level 11 in Invocations
 12115 | D:8      | Banished hehateme's ghost
 12773 | Lair:3   | Found a staircase to the Shoals.
 12919 | Lair:3   | Found a hole to the Spider Nest.
 12946 | Lair:3   | Reached skill level 10 in Throwing
 12952 | Lair:3   | Reached skill level 10 in Shields
 12969 | Lair:3   | HP: 5/145 [seven-headed hydra (12)]
 12969 | Lair:3   | HP: 1/145 [seven-headed hydra (4)]
 12969 | Lair:3   | Slain by a seven-headed hydra

Illustrated notes

Levels and vault maps discovered:
D:1:      dpeg_arrival_circle_labyrinth_c, layout_basic, serial_park_tiny_2,
          ebering_dispersal_statue_hall
D:2:      layout_basic, minmay_randomly_rotated_circles
D:3:      layout_basic, serial_shops, shop, kennysheep_nub, uniq_robin,
          uniq_sigmund
D:4:      layout_gridville
D:5:      minmay_clustersquares, layout_cave_pods, mainiacjoe_overflow_24_doors,
          uniq_duvessa
D:6:      layout_rooms, minivault_23, nicolae_figureground_sparkle
D:7:      layout_basic, minmay_temple_entry_statues,
          lightli_bailey_entry_fortress, minmay_hedge_maze
D:8:      black_bear_nest_2, layout_layer_cave, lemuel_doored_altar,
          lightli_temple_of_fire, gammafunk_ghost_berserking_beasts,
          uniq_prince_ribbit1
D:9:      layout_cave_pools, serial_bayou_crossing
D:10:     layout_loops_ring, ashenzari_altar_1, david_lair_generic
D:11:     layout_loops_ring, lemuel_flame_loot_1
Temple:   dpeg_five_rooms_temple
Lair:1:   gammafunk_boulding_lane, layout_chaotic_city, st_stairs_10
Lair:2:   layout_hall_layers
Lair:3:   layout_gridlike, minmay_shoals_entry_centaurs, spider_nest_entry_webs,
          nicolae_lair_grazing_beasts [nicolae_sub_lair_graze_edge,
          nicolae_sub_lair_graze_edge, nicolae_sub_lair_graze_edge,
          nicolae_sub_lair_graze_edge], lemuel_fruit_tree, grunt_megastairs_5

Skill      XL: |  1  2  3  4  5  6  7  8  9 10 11 12 13 14 15 16 17 |
---------------+----------------------------------------------------+-----
Maces & Flails | 2 4 5 7 |  7.5
Armour         | 4 7 9 10 | 10.0
Fighting       | 3 4 6 7 8 |  8.7
Shields        | 4 7 8 9 10 | 10.0
Axes           | 3 5 6 7 8 |  8.4
Throwing       | 3 6 8 9 10 | 10.0
Evocations     | 4 5 6 7 8 |  8.0
Spellcasting   | 3 |  3.0
Invocations    | 9 10 11 | 11.3

Action                   |  1- 3 |  4- 6 |  7- 9 | 10-12 | 13-15 | 16-18 || total
-------------------------+-------+-------+-------+-------+-------+-------++-------
Melee: Flail             |   133 |    85 |    47 |       |       |       ||   265
       Tailslap          |     9 |     8 |    22 |    15 |     1 |    24 ||    79
       War axe           |       |       |   166 |   104 |    13 |   128 ||   411
Throw: Javelin           |       |     9 |    35 |       |       |    16 ||    60
       Boomerang         |       |     3 |    30 |       |       |     4 ||    37
       Stone             |       |       |       |       |       |    36 ||    36
Evoke: Wand              |       |       |     2 |       |       |     2 ||     4
  Use: Scroll            |       |     6 |     4 |     4 |       |     8 ||    22
       Potion            |       |     1 |     1 |     1 |     2 |     1 ||     6
Armor: Scale mail        |    71 |       |       |       |       |       ||    71
       Leather armour    |       |    55 |    90 |    67 |     5 |    44 ||   261
Dodge: Dodged            |    92 |    50 |   155 |    62 |     4 |    66 ||   429
Block: Buckler           |    25 |    32 |    57 |       |       |       ||   114
       Kite shield       |       |       |    40 |    58 |     2 |    90 ||   190

Table legend: (Time is in decaauts)
 A = Elapsed time spent in this place.
 B = Non-inter-level travel time spent in this place.
 C = Inter-level travel time spent in this place.
 D = Time resting spent in this place.
 E = Time spent auto-exploring this place.
 F = Levels seen in this place.
 G = Mean time per level.
                   A        B        C        D        E       F      G
               +--------+--------+--------+--------+--------+-----+--------+
         Total |  13213 |  11886 |   1327 |     93 |   9455 |  16 |  825.8 |
       Dungeon |  10032 |   9106 |    926 |     93 |   7212 |  11 |  912.0 |
        Temple |    366 |    259 |    107 |      0 |    248 |   1 |  366.0 |
          Lair |   2234 |   1940 |    294 |      0 |   1536 |   3 |  744.7 |
        Bailey |    579 |    579 |      0 |      0 |    459 |   1 |  579.0 |
               +--------+--------+--------+--------+--------+-----+--------+

Top non-repeatable levels by time:
     D:8: 1759 daAuts
     D:5: 1263 daAuts
  Lair:1: 1156 daAuts
    D:10: 1114 daAuts
     D:7: 1067 daAuts
     D:3: 912 daAuts
     D:1: 860 daAuts
     D:4: 844 daAuts
  Lair:2: 820 daAuts
     D:2: 770 daAuts
     D:6: 663 daAuts
     D:9: 599 daAuts
  Bailey: 579 daAuts
  Temple: 366 daAuts
  Lair:3: 257 daAuts
